 Dungeon Crawl Stone Soup version 0.22-a0-248-gc8378ba (webtiles) character file.

61 mathieu the Shield-Bearer (level 4, -10/37 HPs)
             Began as a Formicid Fighter on Feb 28, 2018.
             Mangled by an ogre
             ... wielding a +0 giant spiked club
              (16 damage)
             ... on level 2 of the Dungeon.
             The game lasted 00:01:39 (1031 turns).

mathieu the Shield-Bearer (Formicid Fighter)        Turns: 1031, Time: 00:01:39

Health: -10/37     AC:  7    Str: 22    XL:     4   Next: 27%
Magic:  4/4        EV:  8    Int:  7    God:
Gold:   21         SH:  9    Dex: 10    Spells: 3/3 levels left

rFire    . . .     SeeInvis +   a - +0 quarterstaff
rCold    . . .     Gourm    .   c - +0 shield
rNeg     . . .     Faith    .   b - +0 scale mail
rPois    .         Spirit   .   (helmet unavailable)
rElec    .         Reflect  .   (no cloak)
rCorr    .         Harm     .   (no gloves)
MR       .....                  (no boots)
Stlth    ..........             (no amulet)
HPRegen  0.12/turn              (no ring)
MPRegen  0.09/turn              (no ring)

@: no status effects
A: permanent stasis, dig shafts and tunnels, four strong arms, antennae 3
a: Dig, Shaft Self


You were on level 2 of the Dungeon.
You were not hungry.

You visited 1 branch of the dungeon, and saw 2 of its levels.

You collected 21 gold pieces.

Inventory:

Hand Weapons
 a - a +0 quarterstaff (weapon)
Armour
 b - a +0 scale mail (worn)
 c - a +0 shield (worn)
Scrolls
 e - a scroll of noise {unknown}
 g - a scroll of remove curse {unknown}
 i - a scroll of fear {unknown}
 j - 4 scrolls of identify {unknown}
 k - a scroll of teleportation {unknown}
Potions
 d - 2 potions of might
 h - a potion of heal wounds {unknown}
 l - 2 potions of mutation {unknown}
 m - a potion of ambrosia {unknown}
 n - a potion of invisibility {unknown}
 o - a potion of agility {unknown}
Comestibles
 f - a ration
 p - a chunk of flesh


   Skills:
 + Level 3.9 Fighting
 + Level 2.7 Staves
 + Level 4.0 Armour
 + Level 4.0 Shields


You had 3 spell levels left.
You didn't know any spells.

Dungeon Overview and Level Annotations

Branches:
Dungeon (2/15)

Altars:


Innate Abilities, Weirdness & Mutations

You cannot be hasted, slowed, berserked, paralysed or teleported.
You can dig through walls and to a lower floor.
Your four strong arms can wield two-handed weapons with a shield.
You have a pair of large antennae on your head. (SInv)


Message History

You are too injured to fight recklessly!
You are too injured to fight recklessly!
You hit the ogre but do no damage.
The ogre is lightly wounded.
You block the hobgoblin's attack.
You hit the ogre but do no damage.
The ogre is lightly wounded.
The ogre hits you with a giant spiked club.
* * * LOW HITPOINT WARNING * * *
The hobgoblin barely misses you. The goblin hits you but does no damage.
Your shield and scale mail prevent you from hitting the ogre.
The ogre is lightly wounded.
The ogre closely misses you. You block the hobgoblin's attack.
You block the goblin's attack.
You hit the ogre.
The ogre is lightly wounded.
The hobgoblin hits you.
* * * LOW HITPOINT WARNING * * *
The ogre hits you with a giant spiked club!
You die...

..# #......##.## # ..
. ##########.##
###.#.#. ##.....##
#.## ....#...
#..###..# #.##
#.....###.##{##.###.##
'.....#...#{ #...#.##
#...### ###...## #gO##
{ ##..## #@.+ #..##
#.g## {{{ #..##
#.).### ...## #.....#{
{ ....# ............#
...## ###..........#
..### #....$.......
#.......#.....
#.......####..


You could see an ogre, a hobgoblin and a goblin.

Vanquished Creatures
  Jessica (D:2)
  An adder (D:2)
  A worm (D:2)
  A dart slug (D:1)
  A leopard gecko (D:2)
  A ball python (D:1)
  2 goblins (D:1)
  3 hobgoblins (D:1)
  4 kobolds
  3 bats (D:1)
  2 frilled lizards
  A rat (D:1)
21 creatures vanquished.

Notes
Turn   | Place    | Note
-------+----------+-------------------------------------------
     0 | D:1      | mathieu the Formicid Fighter began the quest for the Orb.
     0 | D:1      | Reached XP level 1. HP: 18/18 MP: 1/1
    89 | D:1      | Reached XP level 2. HP: 22/24 MP: 2/2
   898 | D:2      | Noticed Jessica
   903 | D:2      | Killed Jessica
   903 | D:2      | Reached XP level 3. HP: 15/30 MP: 3/3
   937 | D:2      | Reached XP level 4. HP: 23/37 MP: 4/4
  1023 | D:2      | Noticed an ogre
  1031 | D:2      | Mangled by an ogre

Vault maps used:
D:1:      dpeg_arrival_rhombus
D:2:      cheibrodos_greedy_goblins, lemuel_crystal_altar,
          nicolae_overflow_crystal_walls, kennysheep_slug_shrine, uniq_jessica

Skill      XL: |  1  2 |
---------------+-------+-----
Armour         | 4 |  4.0
Shields        | 4 |  4.0
Fighting       | |  3.9
Staves         | |  2.7

Action                   |  1- 3 |  4- 6 || total
-------------------------+-------+-------++-------
Melee: Quarterstaff      |    62 |    15 ||    77
Armor: Scale mail        |    19 |     5 ||    24
Dodge: Dodged            |    16 |     7 ||    23
Block: Shield            |    18 |     5 ||    23

Table legend:
 A = Spawn XP
 B = Non-spawn XP
 C = Spawn XP percentage of total XP
 D = Spawn monster count
 E = Non-spawn monster count
 F = Spawn count percentage of total count
 G = Total turns spent on level
                    A         B        C        D         E        F      G
               +---------+---------+-------+---------+---------+-------+---------
         Total |       0 |      88 |   0.0 |       0 |      21 |   0.0 |  1031
               +---------+---------+-------+---------+---------+-------+---------
           D:1 |       0 |      27 |   0.0 |       0 |      15 |   0.0 |   879
           D:2 |       0 |      61 |   0.0 |       0 |       6 |   0.0 |   152
               +---------+---------+-------+---------+---------+-------+---------
